 Dungeon Crawl Stone Soup version 0.26-a0-663-g36e8fdb655 (webtiles) character file.

Game seed: 3741222079166312596

8336 jabarkas the Cardsharp (level 11, -19/86 HPs)
             Began as a Demonspawn Delver on Oct 10, 2020.
             Was a High Priest of Nemelex Xobeh.
             Demolished by a white ugly thing (33 damage)
             ... on level 12 of the Dungeon.
             The game lasted 00:18:13 (12023 turns).

jabarkas the Cardsharp (Demonspawn Delver)         Turns: 12023, Time: 00:18:14

Health: -19/86     AC: 12    Str: 16    XL:     11   Next: 8%
Magic:  22/22      EV: 17    Int: 11    God:    Nemelex Xobeh [*****.]
Gold:   569        SH: 11    Dex: 15    Spells: 10/10 levels left

rFire    . . .     SeeInvis +   v - +1 broad axe
rCold    . . .     Faith    .   k - +1 buckler
rNeg     . . .     Spirit   .   L - +2 acid dragon scales
rPois    +         Reflect  +   (helmet unavailable)
rElec    .         Harm     .   (no cloak)
rCorr    +         Rampage  .   x - +2 pair of gloves
MR       .....                  O - +0 pair of boots
Stlth    ++........             e - amulet of reflection
HPRegen  0.24/turn              H - +4 ring of evasion
MPRegen  0.18/turn              l - ring of poison resistance

@: studying Invocations, lightly drained
A: antennae 3, repulsion field 1, demonic guardian 1, spiny 2
a: Draw Escape, Draw Destruction, Draw Summoning, Triple Draw, Deal Four, Stack
Five, Renounce Religion


You were on level 12 of the Dungeon.
You worshipped Nemelex Xobeh.
Nemelex Xobeh was extremely pleased with you.
You visited 1 branch of the dungeon, and saw 12 of its levels.

You collected 569 gold pieces.

Inventory:

Hand Weapons
 v - a +1 broad axe (weapon)
 D - the cursed +3 spear "Roceromn" {antimagic, MR+}
   (You found it on level 9 of the Dungeon)

   It reduces the magical energy of the wielder, and disrupts the spells and
   magical abilities of those hit.
   Natural abilities and divine invocations are not affected.
   It affects your resistance to hostile enchantments.
   It has a curse placed upon it.
 I - a +0 glaive of flaming
 K - the +10 short sword of Indignation {elec, +Inv rC++ Int-3, unknown}
   (You found it on level 9 of the Dungeon)

   Occasionally, upon striking a foe, it will discharge some electrical energy
   and cause terrible harm.
   It affects your intelligence (-3).
   It greatly protects you from cold.
   It lets you turn invisible.
Missiles
 y - 35 poisoned darts (quivered)
 Q - 5 javelins
Armour
 k - a +1 buckler (worn)
 q - a +0 ring mail of fire resistance
 x - a +2 pair of gloves (worn)
 L - +2 acid dragon scales (worn)
 O - a +0 pair of boots (worn)
Jewellery
 e - an amulet of reflection (around neck)
 l - a ring of poison resistance (right hand)
 A - an uncursed ring of positive energy
 H - a +4 ring of evasion (left hand)
Wands
 b - a wand of iceblast (30)
 d - a wand of polymorph (17)
 g - a wand of digging (8)
 w - a wand of enslavement (17)
 F - a wand of paralysis (13)
 J - a wand of flame (43)
Scrolls
 a - a scroll of blinking
 c - a scroll of fog
 h - 5 scrolls of remove curse
 i - 2 scrolls of teleportation {unknown}
 p - a scroll of magic mapping
 E - 4 scrolls of fear
 M - 2 scrolls of immolation {unknown}
 N - 3 scrolls of identify
 P - a scroll of holy word {unknown}
Potions
 f - 3 potions of haste
 j - 2 potions of heal wounds
 m - 3 potions of cancellation
 o - 5 potions of brilliance
 r - a potion of berserk rage {unknown}
 t - 3 potions of lignification
 u - a potion of resistance
 z - 7 potions of curing
 B - 4 potions of invisibility
 C - 2 potions of ambrosia
 G - 2 potions of might
 R - a potion of degeneration {unknown}
 S - a potion of flight {unknown}
Books
 n - a manual of Invocations
Miscellaneous
 s - a lightning rod (4/4)


   Skills:
 + Level 8.1(8.0) Fighting
 * Level 9.2(9.3) Axes
 - Level 3.2(6.5) Polearms
 - Level 1.7(1.6) Dodging
 - Level 4.5(4.3) Stealth
 - Level 4.0(3.8) Shields
 * Level 15.5(15.3) Invocations


You had 10 spell levels left.
You didn't know any spells.
Your spell library contained the following spells:

 Spells                   Type           Power        Failure   Level
 Animate Skeleton         Necr           #.....       45%         1
 Corona                   Hex            #......      45%         1
 Magic Dart               Conj           #...         45%         1
 Pain                     Necr           #...         45%         1
 Summon Small Mammal      Summ           #...         45%         1
 Blink                    Tloc           N/A          58%         2
 Call Imp                 Summ           #.......     58%         2
 Ensorcelled Hibernation  Hex/Ice        #.....       58%         2
 Slow                     Hex            #.......     58%         2
 Call Canine Familiar     Summ           #.......     83%         3
 Confusing Touch          Hex            #.......     83%         3
 Conjure Flame            Conj/Fire      #.......     83%         3
 Dazzling Flash           Conj/Hex       #.....       83%         3
 Mephitic Cloud           Conj/Pois/Air  #.......     83%         3
 Summon Guardian Golem    Hex/Summ       #.......     83%         3
 Tukima's Dance           Hex            #.......     83%         3
 Vampiric Draining        Necr           #.........   83%         3
 Animate Dead             Necr           #.........   99%         4
 Summon Ice Beast         Ice/Summ       #.......     99%         4
 Summon Lightning Spire   Summ/Air       #.......     99%         4
 Agony                    Necr           #.......     100%        5


Dungeon Overview and Level Annotations

Branches:
Dungeon (12/15)            Temple (0/1) D:7            Lair (0/6) D:10
    Orc (0/2) D:9

Altars:
Cheibriados
Elyvilon
Gozag
Hepliaklqana
Kikubaaqudgha
Makhleb
Nemelex Xobeh
Qazlal
Sif Muna
Yredelemnul
The Shining One

Portals:
Abyss: D:10

Annotations:
D:4 2 runed translucent doors, gregwegmann's ghost, amateur GrFi
D:10 2 transporters, kmckee's ghost, novice MiFi


Innate Abilities, Weirdness & Mutations

You have a pair of large antennae on your head. (SInv)
You are surrounded by a mild repulsion field. (EV +2)
A weak demonic guardian rushes to your aid.
You are mostly covered in sharp spines.


Message History

You slash the white ugly thing!
The white ugly thing is heavily wounded.
Your shadow imp barely misses the white ugly thing.
The white ugly thing is struck by your spines.
The white ugly thing gores you but does no damage.
Your shadow imp closely misses the white ugly thing.
Unknown command.
You hit the white ugly thing but do no damage.
The white ugly thing is heavily wounded.
The white ugly thing gores you. The white ugly thing freezes you!!
* * * LOW HITPOINT WARNING * * *
Your shadow imp hits the white ugly thing.
Unknown command.
You slash the white ugly thing!
The white ugly thing is severely wounded.
The white ugly thing gores you!
* * * LOW HITPOINT WARNING * * *
The white ugly thing freezes you!!
You die...
Your body glows slightly and disappears.

####### #
#...@u#
#.#.###5#
#.....#.#
####.#### #..#
##.# #.#
########.######
#.............#


You could see a white ugly thing and a friendly shadow imp (summoned).

Vanquished Creatures
  A two-headed ogre (D:11)
  A manticore (D:11)
  Maggie (D:9)
  A troll (D:10)
  3 yaks (D:9)
  2 steam dragons (D:7)
  3 black bears
  4 orc warriors
  2 sky beasts
  An ice beast (D:7)
  4 phantoms
  An eye of draining (D:12)
  4 ogres
  4 centaurs
  2 big kobolds
  3 bullfrogs
  A water moccasin zombie (D:5)
  A wyvern skeleton (D:6)
  6 scorpions
  4 killer bees (D:5)
  5 howler monkeys
  2 wights (D:9)
  A bullfrog zombie (D:10)
  10 hounds
  4 orc priests
  An orc wizard (D:9)
  A bullfrog skeleton (D:7)
  3 centaur skeletons
  3 iguanas
  8 worker ants
  2 killer bee zombies (D:6)
  3 hound skeletons
  2 worker ant zombies
  Robin (D:2)
  A howler monkey skeleton (D:5)
  15 adders
  A shadow imp (D:7)
  3 white imps
  3 ufetubi
  An adder zombie (D:9)
  3 adder skeletons
  2 worms
  2 dart slugs
  5 leopard geckos
  35 orcs
  9 bats
  4 giant cockroaches
  13 goblins
  13 hobgoblins
  11 jackals
  15 kobolds
  6 quokkas
  A ball python (D:3)
  4 frilled lizards
  A leopard gecko skeleton (D:6)
  14 rats
257 creatures vanquished.

Vanquished Creatures (collateral kills)
  Urug (D:11)
  A cyclops (D:11)
  A centaur skeleton (D:11)
  2 yaks (D:9)
  2 ice beasts
  2 ogres (D:9)
  A necrophage (D:9)
  A centaur (D:9)
  A big kobold (D:9)
  A wight (D:9)
  A howler monkey (D:10)
  A jelly (D:11)
  2 orc wizards (D:11)
  A worker ant (D:11)
  3 orcs
  A kobold (D:9)
22 creatures vanquished.

Grand Total: 279 creatures vanquished

Notes
Turn   | Place    | Note
-------+----------+-------------------------------------------
     0 | D:5      | jabarkas the Demonspawn Delver began the quest for the Orb.
     0 | D:5      | Reached XP level 1. HP: 18/18 MP: 1/1
    10 | D:5      | Found a white marble altar of Elyvilon.
   149 | D:5      | Gained mutation: You are partially covered in sharp spines.
                  | [demonic ancestry]
   149 | D:5      | Reached XP level 2. HP: 19/24 MP: 2/2
   267 | D:5      | Noticed a killer bee
   268 | D:5      | Noticed a killer bee
   268 | D:5      | Noticed a killer bee
   268 | D:5      | Noticed a killer bee
   563 | D:4      | Found a snail-covered altar of Cheibriados.
   563 | D:4      | Noticed a howler monkey
   588 | D:3      | Found a sparkling altar of Nemelex Xobeh.
   592 | D:3      | Became a worshipper of Nemelex Xobeh the Trickster
   616 | D:3      | Reached skill level 1 in Invocations
   778 | D:3      | Gained mutation: You have a pair of small antennae on your
                  | head. [demonic ancestry]
   778 | D:3      | Reached XP level 3. HP: 29/29 MP: 3/3
  1329 | D:2      | Reached * piety under Nemelex Xobeh
  1519 | D:2      | Reached skill level 2 in Invocations
  1550 | D:2      | Reached XP level 4. HP: 29/35 MP: 5/5
  1756 | D:2      | Noticed Robin
  1779 | D:2      | Killed Robin
  2169 | D:1      | Received a gift from Nemelex Xobeh
  2301 | D:1      | Reached ** piety under Nemelex Xobeh
  2632 | D:1      | Reached skill level 3 in Invocations
  2877 | D:3      | Gained mutation: You are surrounded by a mild repulsion
                  | field. (EV +2) [demonic ancestry]
  2877 | D:3      | Reached XP level 5. HP: 41/42 MP: 7/7
  3343 | D:3      | Reached skill level 1 in Axes
  3343 | D:3      | Reached skill level 4 in Invocations
  4109 | D:3      | Reached XP level 6. HP: 44/48 MP: 9/9
  4209 | D:4      | Reached skill level 5 in Invocations
  4517 | D:4      | Gained mutation: You are mostly covered in sharp spines.
                  | [demonic ancestry]
  4517 | D:4      | Reached XP level 7. HP: 54/55 MP: 11/11
  4519 | D:4      | Found a stormy altar of Qazlal.
  4935 | D:4      | Found a large runed translucent door.
  4936 | D:4      | Found a large runed translucent door.
  4938 | D:4      | Noticed gregwegmann's ghost (amateur GrFi)
  5009 | D:4      | Reached skill level 6 in Invocations
  5297 | D:5      | Found an opulent altar of Gozag.
  5331 | D:5      | Reached skill level 5 in Fighting
  5337 | D:5      | Reached skill level 7 in Invocations
  5447 | D:5      | Found a burning altar of Makhleb.
  5503 | D:5      | Reached XP level 8. HP: 46/62 MP: 13/13
  5686 | D:5      | Reached *** piety under Nemelex Xobeh
  5741 | D:5      | Found an ancient bone altar of Kikubaaqudgha.
  5792 | D:5      | Found a hazy altar of Hepliaklqana.
  6033 | D:6      | Reached skill level 8 in Invocations
  6036 | D:6      | Reached skill level 5 in Axes
  6319 | D:6      | Reached skill level 1 in Shields
  6524 | D:6      | Received a gift from Nemelex Xobeh
  6806 | D:7      | Found a shimmering blue altar of Sif Muna.
  7140 | D:7      | Gained mutation: A weak demonic guardian rushes to your
                  | aid. [demonic ancestry]
  7140 | D:7      | Reached XP level 9. HP: 59/69 MP: 15/15
  7225 | D:7      | Reached **** piety under Nemelex Xobeh
  7237 | D:7      | Found a staircase to the Ecumenical Temple.
  7316 | D:7      | Reached skill level 9 in Invocations
  7783 | D:8      | Found a glowing golden altar of the Shining One.
  7912 | D:8      | Received a gift from Nemelex Xobeh
  8420 | D:9      | Identified a scroll of acquirement
  8420 | D:9      | Acquired a manual of Invocations
  8445 | D:9      | Got a crystal short sword
  8454 | D:9      | Reached skill level 10 in Invocations
  8706 | D:9      | Reached skill level 11 in Invocations
  9085 | D:9      | Received a gift from Nemelex Xobeh
  9104 | D:9      | Found a staircase to the Orcish Mines.
  9120 | D:9      | Gained mutation: You have a pair of antennae on your head.
                  | [demonic ancestry]
  9120 | D:9      | Reached XP level 10. HP: 75/77 MP: 18/18
  9121 | D:9      | Reached skill level 12 in Invocations
  9220 | D:9      | Reached ***** piety under Nemelex Xobeh
  9228 | D:9      | Got a crude spear
  9265 | D:9      | Noticed Maggie
  9279 | D:9      | Killed Maggie
  9402 | D:9      | Found a basalt altar of Yredelemnul.
  9692 | D:9      | Reached skill level 13 in Invocations
  9804 | D:10     | Entered Level 10 of the Dungeon
 10054 | D:10     | Identified the cursed +3 spear "Roceromn" {antimagic, MR+}
                  | (You found it on level 9 of the Dungeon)
 10097 | D:10     | Found a staircase to the Lair.
 10186 | D:10     | Noticed a tentacled starspawn
 10187 | D:10     | Noticed a smoke demon
 10197 | D:10     | Found a transporter.
 10198 | D:10     | Noticed a thrashing horror
 10202 | D:10     | Found a transporter.
 10228 | D:10     | Identified the +5 mace of Kujisoahi {distort, rF++ rC+
                  | Int-2}
 10228 | D:10     | Noticed a skeletal warrior
 10229 | D:10     | Found a one-way gate to the infinite horrors of the Abyss.
 10229 | D:10     | Noticed kmckee's ghost (novice MiFi)
 10241 | D:10     | Received a gift from Nemelex Xobeh
 10429 | D:11     | Noticed a manticore
 10440 | D:11     | Killed a manticore
 10490 | D:11     | Noticed a cyclops
 10499 | D:11     | Reached skill level 14 in Invocations
 10500 | D:11     | Killed a cyclops
 10515 | D:11     | Received a gift from Nemelex Xobeh
 10550 | D:11     | Noticed a two-headed ogre
 10559 | D:11     | Killed a two-headed ogre
 10769 | D:11     | Reached skill level 15 in Invocations
 10814 | D:11     | Received a gift from Nemelex Xobeh
 10865 | D:11     | Noticed Urug
 10872 | D:11     | Killed Urug
 10872 | D:11     | Gained mutation: You have a pair of large antennae on your
                  | head. (SInv) [demonic ancestry]
 10872 | D:11     | Reached XP level 11. HP: 41/86 MP: 22/22
 11458 | D:11     | Received a gift from Nemelex Xobeh
 12011 | D:12     | Noticed a white ugly thing
 12023 | D:12     | Demolished by a white ugly thing

Illustrated notes

Levels and vault maps discovered:
D:1:      dpeg_arrival_connections, layout_loops_ring, minmay_tiny_reverse_x
D:2:      layout_loops_corners, uniq_robin
D:3:      layout_basic, nemelex_lonely_heart_becter
D:4:      layout_loops_ring, marbit_many_paths, cheibriados_altar_1,
          ebering_ghost_disaster_area
D:5:      layout_basic, kiku_gazebo_pond_becter, lemuel_crystal_altar,
          old_standard_altar, elyvilon_altar_1, nicolae_overflow_crystal_walls,
          grunt_ministairs_10, chequers_serial_rivers_small_3,
          serial_bayou_crossing, uniq_blork_the_orc
D:6:      layout_cave_pods
D:7:      cheibrodos_steamvent, layout_basic, old_standard_altar, temple_hall
D:8:      layout_basic, kennysheep_mini
D:9:      layout_irregular_city, erik_orc_3, basic_altar, uniq_maggie
D:10:     layout_roguey, lair_entry_dummy, gammafunk_ghost_abyssal_escape
D:11:     layout_layer_cave, uniq_urug
D:12:     layout_roguey, minivault_25

Skill      XL: |  1  2  3  4  5  6  7  8  9 10 |
---------------+-------------------------------+-----
Polearms       | 2 3 |  3.2
Invocations    | 1 2 3 4 5 7 8 11 15 | 15.5
Axes           | 1 2 4 5 7 9 |  9.2
Fighting       | 4 5 6 8 |  8.1
Shields        | 4 |  4.0
Dodging        | |  1.7
Stealth        | |  4.5

Action                   |  1- 3 |  4- 6 |  7- 9 | 10-12 || total
-------------------------+-------+-------+-------+-------++-------
Melee: Spear             |   101 |     7 |       |       ||   108
       Trident           |       |   130 |       |       ||   130
       Broad axe         |       |    52 |   254 |   173 ||   479
Invok: Draw Destruction  |       |       |     3 |     1 ||     4
       Draw Summoning    |       |       |       |     2 ||     2
Evoke: Wand              |       |     1 |     2 |       ||     3
  Use: Scroll            |     2 |       |     9 |     9 ||    20
       Potion            |       |       |     1 |       ||     1
 Stab: Sleeping          |       |    10 |    11 |     4 ||    25
       Distracted        |       |       |     2 |     5 ||     7
Armor: Leather armour    |     2 |       |       |       ||     2
       Ring mail         |    11 |    49 |    40 |       ||   100
       Steam dragon scal |       |       |    13 |     3 ||    16
       Acid dragon scale |       |       |       |    31 ||    31
Dodge: Dodged            |    49 |    93 |   160 |    97 ||   399
Block: Other             |     7 |    28 |    24 |       ||    59
       Reflection        |     1 |       |     7 |     5 ||    13
       Buckler           |       |       |   113 |    88 ||   201

Table legend: (Time is in decaauts)
 A = Elapsed time spent in this place.
 B = Non-inter-level travel time spent in this place.
 C = Inter-level travel time spent in this place.
 D = Time resting spent in this place.
 E = Time spent auto-exploring this place.
 F = Levels seen in this place.
 G = Mean time per level.
                   A        B        C        D        E       F      G
               +--------+--------+--------+--------+--------+-----+--------+
         Total |  12187 |  11511 |    676 |   1274 |   7856 |  12 | 1015.6 |
       Dungeon |  12187 |  11511 |    676 |   1274 |   7856 |  12 | 1015.6 |
               +--------+--------+--------+--------+--------+-----+--------+

Top non-repeatable levels by time:
     D:2: 1836 daAuts
    D:11: 1515 daAuts
     D:9: 1507 daAuts
     D:4: 1438 daAuts
     D:5: 1073 daAuts
     D:3: 1041 daAuts
     D:7: 973 daAuts
     D:6: 838 daAuts
     D:1: 647 daAuts
    D:10: 593 daAuts
     D:8: 592 daAuts
    D:12: 127 daAuts
